 Dungeon Crawl Stone Soup version 0.29.0-11-gd7f09526c8 (webtiles) character file.

Game seed: 16756439180230043987

155894 ketsa the Executioner (level 17, -2/163 HPs)
             Began as a Minotaur Berserker on Sept 5, 2022.
             Was a High Priest of Trog.
             Slain by a spark wasp (20 damage)
             ... on level 4 of the Spider Nest on Sept 6, 2022.
             The game lasted 02:06:57 (47597 turns).

ketsa the Executioner (Minotaur Berserker)         Turns: 47597, Time: 02:06:58

Health: -2/163     AC: 23    Str: 25 (29) XL:     17   Next: 9%
Magic:  0/16       EV:  8    Int:  4 (10) God:    Trog [*****.]
Gold:   1294       SH: 18    Dex:  6 (11) Spells: 16/16 levels left

rFire   + + +      SeeInvis .   a - +8 whip "Snakebite" {venom, curare, rPois}
rCold   + . .      Faith    .   q - +0 tower shield
rNeg    . . .      Spirit   .   c - +0 fire dragon scales
rPois   +          Reflect  +   (helmet restricted)
rElec   +          Harm     .   S - scarf {rC+ rF+}
rCorr   +          Rampage  .   C - +1 pair of gloves {infuse}
Will    +....                   m - +0 pair of boots
Stlth   ..........              O - amulet of reflection
HPRegen 0.37/turn               j - +4 ring of protection
MPRegen 0.15/turn               x - ring of Losuat {rElec rPois Int+6}

@: about to teleport, resistant
A: horns 2, retaliatory headbutt
a: Renounce Religion, Berserk, Trog's Hand, Brothers in Arms


You were on level 4 of the Spider Nest.
You worshipped Trog.
Trog was extremely pleased with you.
You visited 9 branches of the dungeon, and saw 31 of its levels.
You visited 1 bazaar.

You collected 2921 gold pieces.
You spent 1627 gold pieces at shops.

Inventory:

Hand Weapons
 a - the +8 whip "Snakebite" (weapon) {venom, curare, rPois}
   (You found it on level 7 of the Dungeon)

   It poisons the flesh of those it strikes.
   It occasionally inflicts asphyxiating poison on those it strikes, dealing
   poison damage and causing slowness.
   rPois:     It protects you from poison.
 b - a +2 sling of freezing
 v - a +2 arbalest of flaming
 J - the +6 battleaxe of Trog's Favour {vorpal, *Noise rC++}
   (Trog gifted it to you on level 2 of the Orcish Mines)

   It inflicts extra damage upon your enemies.
   rC:        It greatly protects you from cold.
   *Noise:    It may make noises in combat.
 Z - a +5 executioner's axe of protection
Missiles
 Q - 2 throwing nets
Armour
 c - +0 fire dragon scales (worn)
 e - a +2 cloak
 m - a +0 pair of boots (worn)
 q - a +0 tower shield (worn)
 C - a +1 pair of gloves of infusion (worn)
 S - a scarf of resistance (worn)
 Y - a +0 cloak of preservation
Jewellery
 j - a +4 ring of protection (left hand)
 n - an amulet of guardian spirit
 o - a ring of resist corrosion
 s - a ring of protection from fire
 x - the ring of Losuat (right hand) {rElec rPois Int+6}
   (You bought it in a shop on level 1 of the Depths)

   [ring of intelligence]

   Int:       It affects your intelligence (+6).
   rElec:     It insulates you from electricity.
   rPois:     It protects you from poison.
 M - a ring of flight
 O - an amulet of reflection (around neck)
 T - an amulet of regeneration
 U - a ring of protection from cold
 W - a ring of positive energy
Wands
 w - a wand of flame (56)
 E - a wand of light (4)
 F - a wand of polymorph (26)
 L - a wand of charming (14)
 V - a wand of digging (6)
 X - a wand of iceblast (8)
Scrolls
 f - 2 scrolls of magic mapping
 g - 11 scrolls of teleportation
 i - 5 scrolls of enchant weapon
 p - 5 scrolls of enchant armour
 y - 11 scrolls of poison
 I - 5 scrolls of blinking
 K - 8 scrolls of butterflies
 N - a scroll of summoning
 P - a scroll of silence
Potions
 h - 2 potions of invisibility
 t - 11 potions of curing
 u - 6 potions of might
 z - a potion of magic
 B - 8 potions of lignification
 D - 7 potions of flight
 G - a potion of ambrosia
 H - 5 potions of haste
 R - 3 potions of heal wounds
Miscellaneous
 k - a phantom mirror
 r - a tin of tremorstones (2/2)


   Skills:
 + Level 17.8 Fighting
 + Level 22.6 Axes
 * Level 7.6 Ranged Weapons
 + Level 17.6 Armour
 - Level 7.4 Dodging
 + Level 8.2 Shields
 - Level 7.2 Evocations


You had 16 spell levels left.
You didn't know any spells.
Your spell library contained the following spells:

 Spells                   Type           Power      Damage    Failure   Level
 Freeze                   Ice            0%         1d3       100%        1
 Magic Dart               Conj           0%         1d3       100%        1
 Call Imp                 Summ           0%         N/A       100%        2
 Ensorcelled Hibernation  Hex/Ice        0%         N/A       100%        2
 Scorch                   Fire           0%         2d5       100%        2
 Mephitic Cloud           Conj/Pois/Air  0%         N/A       100%        3
 Spider Form              Tmut/Pois      0%         N/A       100%        3
 Anguish                  Hex/Necr       0%         N/A       100%        4
 Animate Dead             Necr           0%         N/A       100%        4
 Flame Wave               Conj/Fire      0%         2d4       100%        4
 Fulminant Prism          Conj/Hex       0%         3d6       100%        4
 Iskenderun's Mystic Bla  Conj/Tloc      0%         2d3       100%        4
 Lee's Rapid Deconstruct  Erth           0%         3d5*      100%        5
 Metabolic Englaciation   Hex/Ice        0%         N/A       100%        5
 Summon Cactus Giant      Summ           0%         N/A       100%        6
 Haunt                    Necr/Summ      0%         N/A       100%        7
 Infestation              Necr           0%         N/A       100%        8


Dungeon Overview and Level Annotations

Branches:
Dungeon (15/15)            Temple (1/1) D:4            Lair (5/5) D:8
 Shoals (1/4) Lair:2       Spider (4/4) Lair:2        Slime (1/5) Lair:5
    Orc (2/2) D:10            Elf (1/3) Orc:2        Vaults (0/5) D:13
 Depths (1/4) D:15

Altars:
Ashenzari
Cheibriados
Dithmenos
Elyvilon
Fedhas
Gozag
Hepliaklqana
Kikubaaqudgha
Makhleb
Nemelex Xobeh
Okawaru
Qazlal
Ru
Sif Muna
Trog
Uskayaw
Vehumet
Wu Jian
Xom
Yredelemnul
Zin
The Shining One
Jiyva

Shops:
D:12 ?   Orc:2 ::*:   Depths:1 =[

Portals:
Hell: Depths:1
Ziggurat: Depths:1

Annotations:
D:9 exclusion: obsidian statue
D:13 exclusion: ice statue
Spider:1 exclusion: downstairs


Innate Abilities, Weirdness & Mutations

You have a pair of horns on your head.
You reflexively headbutt those who attack you in melee.


Message History

Something hits you!
* * * LOW HITPOINT WARNING * * *
You feel weakened. Something hits you but does no damage.
Something stings you but does no damage.
Okay, then.
You hit something. Something hits you!
* * * LOW HITPOINT WARNING * * *
You feel weakened. Something hits you but does no damage.
You block something's attack.
You hit something but do no damage. Your headbutt misses something.
You feel you are being watched by something.
You feel your power leaking away. You block something's attack.
Something hits you but does no damage.
Something stings you but does no damage.
You closely miss something.
Something hits you but does no damage. x2
You block something's attack.
You completely miss something. Your headbutt misses something.
Your surroundings suddenly seem different.
A steelbarb worm and a demonic crawler come into view.
Found a potion of ambrosia.
As you read the scroll of fear, it crumbles to dust.
You assume a fearsome visage.
The steelbarb worm looks frightened!
The emperor scorpion looks frightened!
The demonic crawler resists with almost no effort.
The demonic crawler shrieks in warning!
A spark wasp comes into view.
You hear a skittering sound.
You hear a faint skittering sound. x2
You hear a skittering sound.
As you read the scroll of teleportation, it crumbles to dust.
You feel strangely unstable.
The spark wasp bursts into living lightning!
The living lightning hits the demonic crawler.
The demonic crawler resists.
The living lightning hits you. You resist.
* * * LOW HITPOINT WARNING * * *
The spark wasp blinks! x2
You feel protected.
A sun moth comes into view.
The spark wasp stings you!!
You die...

*,^,,,,*,,^*,,,.....^
**,*,*,,,,,,,*,#.#..#
*******,,,******####
*,** *,,,,^****,*
*,,* *,^,,,,**,,*
**,,**##,~~****,,**
*,,**#^##y##,***,,*
*,*##~.^..~ยง,~***,*
*,^#@ys.....~,,*^,*
*#.~..#....^*,,,,**
*#...~##*,s~#**~,,^**
#~..w## ****# **,,,~*
#!^~#* **~,,* ####*
*****


You could see an emperor scorpion (fleeing), a sun moth (wandering), a steelbarb
worm (fleeing), a spark wasp and a demonic crawler.

Vanquished Creatures
  Nikola (Spider:3)
  Jorgrun (Orc:2)
  Frances (Shoals:1)
  Kirke (Lair:3)
  A fire giant (Depths:1)
  Louise (D:14)
  Aizul (Spider:2)
  A ghost moth (Spider:1)
  A juggernaut zombie (D:15)
  3 broodmothers (Spider:4)
  A spriggan defender (Depths:1)
  A stone giant (Depths:1)
  A quicksilver ooze (shapeshifter) (D:13)
  3 spark wasps
  2 entropy weavers (Spider:3)
  2 ettins (Depths:1)
  3 fire dragons
  2 jiangshi (Depths:1)
  Fannar (Orc:1)
  Harold (Lair:1)
  9 hydras
  An ice dragon (Depths:1)
  2 boulder beetles
  3 catoblepae
  A jorogumo (Spider:4)
  A death knight (D:9)
  6 two-headed ogres
  5 centaur warriors
  2 radroaches
  2 merfolk aquamancers (Lair:2)
  A deep troll shaman (Lair:5)
  11 death yaks
  3 tengu warriors
  2 vampire magi
  3 deep troll earth magi (Depths:1)
  A deep elf knight (Elf:1)
  An orc high priest (Orc:2)
  4 skeletal warriors
  A sun moth (Spider:3)
  5 slime creatures (D:14)
  7 orb spiders
  2 pharaoh ants (Spider:1)
  5 deep trolls (Depths:1)
  A steelbarb worm (Spider:1)
  Pikel (D:4)
  A lindwurm (Lair:5)
  2 orc knights (Orc:2)
  2 deep elf zephyrmancers (Elf:1)
  A necromancer (D:15)
  3 deep elf pyromancers
  4 orc sorcerers (Orc:2)
  20 wolf spiders
  4 fauns
  A fire giant zombie (D:15)
  7 cyclopes
  8 manticores
  9 ugly things
  9 elephants (Lair:5)
  A black mamba (Lair:1)
  A moth of wrath (Spider:3)
  A merfolk siren (Shoals:1)
  Joseph (D:7)
  A stone giant skeleton (D:15)
  5 cane toads
  3 torpor snails
  Psyche (D:9)
  A cane toad (shapeshifter) (D:15)
  A gargoyle (D:8)
  2 unseen horrors (D:11)
  4 rime drakes
  2 efreet
  6 komodo dragons
  A guardian mummy (D:15)
  7 demonic crawlers
  5 trolls
  A wind drake (shapeshifter) (D:14)
  3 merfolk (Shoals:1)
  Grinder (D:4)
  4 polar bears (Lair:5)
  A hornet (D:11)
  4 blink frogs (Lair:4)
  33 tarantellas
  A blink frog (shapeshifter) (D:15)
  25 jumping spiders
  16 culicivoras
  2 centaur simulacra (D:14)
  A wraith (D:13)
  4 water elementals (Lair:2)
  59 yaks
  Eustachio (D:4)
  2 golden eyes
  3 wyverns
  A hog (Lair:3)
  A basilisk (D:9)
  Grum (Lair:1)
  4 steam dragons
  35 redbacks
  6 wargs
  Edmund (D:5)
  An acid dragon (D:9)
  An acid dragon (shapeshifter) (D:14)
  Duvessa (D:5)
  A human zombie (D:15)
  13 water moccasins
  24 orc warriors
  4 black bears
  2 ice beasts (D:8)
  17 wolves
  5 boggarts (D:15)
  9 ogres
  9 centaurs
  3 lemures (D:4)
  A phantom (D:7)
  An elf zombie (D:5)
  A kobold brigand (D:9)
  13 bullfrogs
  A gnoll sergeant (D:8)
  2 scorpions
  2 elf skeletons (D:5)
  12 wights
  Dowan (D:5)
  5 killer bees (D:9)
  8 electric eels
  6 howler monkeys
  16 orc priests
  6 hounds
  A gnoll bouda (D:4)
  2 jellies (D:5)
  2 human skeletons (D:5)
  Ijyb (D:5)
  2 iguanas (D:5)
  32 orc wizards
  17 gnolls
  7 adders
  3 shadow imps
  A white imp (D:7)
  An ufetubus (D:5)
  3 dart slugs
  2 worms
  53 orcs
  5 bats
  3 endoplasms
  7 giant cockroaches
  3 hobgoblins
  10 kobolds
  A quokka (D:2)
  6 ball pythons
  6 frilled lizards
  3 goblins (D:1)
  An orc skeleton (D:5)
  8 rats
  A spectral kobold (D:5)
779 creatures vanquished.

Vanquished Creatures (collateral kills)
  An emperor scorpion (Spider:1)
  The ghost of Veudig the Severer, a journeyman HOFi of Dithmenos (Orc:1)
  A dancing weapon (Orc:1)
  A tengu warrior (D:15)
  A pharaoh ant (Spider:4)
  4 fauns (Shoals:1)
  A merfolk siren (Shoals:1)
  A water nymph (Shoals:1)
  A merfolk (Shoals:1)
  2 jumping spiders
14 creatures vanquished.

Vanquished Creatures (others)
  A jumping spider (Spider:3)
  A human (Lair:3)
  A bullfrog (Lair:3)
  An orc (Orc:2)
  31 fungi
  52 plants
  7 withered plants (D:15)
94 creatures vanquished.

Grand Total: 887 creatures vanquished

Notes
Turn   | Place    | Note
-------+----------+-------------------------------------------
     0 | D:1      | ketsa the Minotaur Berserker began the quest for the Orb.
     0 | D:1      | Reached XP level 1. HP: 19/19 MP: 0/0
   270 | D:1      | Reached skill level 4 in Axes
   270 | D:1      | Reached XP level 2. HP: 27/27 MP: 1/1
   440 | D:1      | Found a faded altar of an unknown god.
   740 | D:2      | Reached ** piety under Trog
   768 | D:2      | Reached XP level 3. HP: 33/33 MP: 2/2
   925 | D:2      | Reached XP level 4. HP: 40/41 MP: 3/3
   940 | D:2      | Reached skill level 5 in Axes
   952 | D:2      | HP: 3/61 [gnoll/+0 spear (6)]
  2885 | D:4      | Reached XP level 5. HP: 47/47 MP: 4/4
  2891 | D:4      | Noticed Eustachio
  3029 | D:4      | Killed Eustachio
  3030 | D:4      | Reached skill level 5 in Fighting
  3030 | D:4      | Reached skill level 6 in Axes
  3030 | D:4      | Reached XP level 6. HP: 56/56 MP: 5/5
  3184 | D:4      | Found a sacrificial altar of Ru.
  3213 | D:4      | Noticed Pikel
  3226 | D:4      | Killed Pikel
  3227 | D:4      | Reached skill level 8 in Axes
  3227 | D:4      | Reached skill level 5 in Armour
  3227 | D:4      | Reached XP level 7. HP: 64/64 MP: 6/6
  3296 | D:4      | Noticed Grinder
  3309 | D:4      | Killed Grinder
  3310 | D:4      | Reached XP level 8. HP: 71/71 MP: 7/7
  3725 | D:4      | Found a staircase to the Ecumenical Temple.
  3734 | Temple   | Entered the Ecumenical Temple
  4217 | D:5      | Entered Level 5 of the Dungeon
  4256 | D:5      | Reached skill level 9 in Axes
  4293 | D:5      | Reached *** piety under Trog
  4322 | D:5      | Noticed Edmund
  5038 | D:5      | Reached skill level 10 in Axes
  5096 | D:5      | Noticed Duvessa
  5097 | D:5      | Noticed Dowan
  5113 | D:5      | Killed Dowan
  5116 | D:5      | Killed Duvessa
  5148 | D:5      | Noticed Ijyb
  5276 | D:5      | Killed Edmund
  5284 | D:5      | Killed Ijyb
  5451 | D:5      | Reached XP level 9. HP: 69/81 MP: 8/8
  5604 | D:5      | Reached skill level 11 in Axes
  5634 | D:5      | Found a white marble altar of Elyvilon.
  5640 | D:5      | Found a shadowy altar of Dithmenos.
  5852 | D:5      | Found a hazy altar of Hepliaklqana.
  5855 | D:5      | Reached **** piety under Trog
  6284 | D:6      | Found a stormy altar of Qazlal.
  6284 | D:6      | Found a snail-covered altar of Cheibriados.
  6284 | D:6      | Found a broken altar of Ashenzari.
  7121 | D:7      | Noticed Joseph
  7133 | D:7      | Killed Joseph
  7134 | D:7      | Reached skill level 12 in Axes
  7709 | D:7      | Reached XP level 10. HP: 91/91 MP: 9/9
  8072 | D:7      | Found the +8 whip "Snakebite" {venom, curare, rPois}
  8370 | D:8      | Found a radiant altar of Vehumet.
  8380 | D:8      | Noticed a two-headed ogre
  8387 | D:8      | Killed a two-headed ogre
  8388 | D:8      | Reached skill level 13 in Axes
  8513 | D:8      | Reached skill level 10 in Fighting
  8620 | D:8      | Reached ***** piety under Trog
  8793 | D:8      | Noticed a two-headed ogre
  8800 | D:8      | Killed a two-headed ogre
  8972 | D:8      | Reached skill level 14 in Axes
  8972 | D:8      | Reached skill level 10 in Armour
  9227 | D:8      | Identified the +2 ring mail of Least Resistance {*Slow
                  | Str+6 Dex+3}
  9712 | D:9      | Noticed a death knight
  9712 | D:9      | Noticed a two-headed ogre
  9932 | D:9      | Killed a death knight
 10047 | D:9      | Reached XP level 11. HP: 101/101 MP: 10/10
 10062 | D:9      | Found a bloodstained altar of Trog.
 10144 | D:9      | Noticed Psyche
 10160 | D:9      | Killed Psyche
 10629 | D:9      | Killed a two-headed ogre
 10630 | D:9      | Reached skill level 15 in Axes
 10758 | D:9      | Noticed an obsidian statue
 10833 | D:9      | Got the Tractate on Polar Geology
 11281 | D:10     | Entered Level 10 of the Dungeon
 11553 | D:10     | Noticed a two-headed ogre
 11562 | D:10     | Killed a two-headed ogre
 11678 | D:10     | Found a staircase to the Orcish Mines.
 11703 | D:10     | Received a gift from Trog
 11754 | D:10     | Reached skill level 16 in Axes
 11783 | Orc:1    | Entered Level 1 of the Orcish Mines
 11783 | Orc:1    | Noticed Fannar
 12487 | D:11     | Noticed a two-headed ogre
 12490 | D:11     | Noticed a six-headed hydra
 12493 | D:11     | Killed a two-headed ogre
 12499 | D:11     | Killed a six-headed hydra
 12500 | D:11     | Reached XP level 12. HP: 82/113 MP: 11/11
 12829 | D:11     | Reached skill level 17 in Axes
 13592 | D:11     | HP: 3/169 [skeletal warrior/+0 trident (22)]
 14582 | D:12     | Noticed a six-headed hydra
 14593 | D:12     | Killed a six-headed hydra
 15352 | D:12     | Found Fameytz's Magic Scroll Shop.
 15380 | D:12     | Reached skill level 18 in Axes
 15405 | D:12     | Bought a scroll of blinking for 112 gold pieces
 15405 | D:12     | Bought a scroll of fear for 60 gold pieces
 15485 | D:13     | Noticed a boulder beetle
 15498 | D:13     | Killed a boulder beetle
 15610 | D:13     | Found a gate to the Vaults.
 15610 | D:13     | Noticed a two-headed ogre
 15613 | D:13     | Killed a two-headed ogre
 16203 | D:8      | Found a staircase to the Lair.
 16955 | Lair:1   | Entered Level 1 of the Lair of Beasts
 16971 | Lair:1   | Noticed Harold
 16982 | Lair:1   | Reached XP level 13. HP: 118/123 MP: 12/12
 16992 | Lair:1   | Killed Harold
 16993 | Lair:1   | Received a gift from Trog
 17133 | Lair:1   | Noticed Grum
 17139 | Lair:1   | Killed Grum
 17323 | Lair:1   | Identified the +1 leather armour "Fesioplo" {rElec Regen+
                  | rCorr Dex+3}
 18037 | Lair:2   | Found a hole to the Spider Nest.
 18202 | Spider:1 | Entered Level 1 of the Spider Nest
 18223 | Spider:1 | Reached skill level 19 in Axes
 18574 | Lair:2   | Found a staircase to the Shoals.
 18831 | Lair:2   | Found a sacrificial altar of Ru.
 19328 | Lair:3   | Noticed Kirke
 19384 | Lair:3   | Killed Kirke
 21614 | Lair:4   | Reached skill level 20 in Axes
 21899 | Lair:4   | Noticed a fire dragon
 21926 | Lair:4   | Killed a fire dragon
 22754 | Lair:5   | Entered Level 5 of the Lair of Beasts
 22938 | Lair:4   | Reached skill level 15 in Fighting
 23023 | Lair:5   | Reached XP level 14. HP: 72/135 MP: 13/13
 23038 | Lair:5   | Reached skill level 15 in Armour
 23258 | Lair:5   | Found a viscous altar of Jiyva.
 23259 | Lair:5   | Found a staircase to the Slime Pits.
 23270 | Slime:1  | Entered Level 1 of the Pits of Slime
 23806 | Lair:5   | Identified the +5 chain mail of the Flute {rC- Dex+4 SInv}
 24938 | Lair:5   | Received a gift from Trog
 25364 | Shoals:1 | Entered Level 1 of the Shoals
 25668 | Orc:1    | Killed Fannar
 25785 | Orc:1    | Found a runed translucent door.
 25785 | Orc:1    | Found a shimmering altar of Xom.
 25785 | Orc:1    | Noticed Veudig's ghost (journeyman HOFi)
 26088 | Orc:2    | Entered Level 2 of the Orcish Mines
 26178 | Orc:2    | Found a staircase to the Elven Halls.
 26236 | Orc:2    | Noticed Jorgrun
 26656 | Orc:2    | Killed Jorgrun
 26657 | Orc:2    | Reached skill level 21 in Axes
 28241 | Orc:2    | Identified the +6 battleaxe of Trog's Favour {vorpal,
                  | *Noise rC++} (Trog gifted it to you on level 2 of the
                  | Orcish Mines)
 28241 | Orc:2    | Received a gift from Trog
 28393 | Orc:2    | Found Tumm's Book Boutique.
 28393 | Orc:2    | Found Kerr's Book Boutique.
 28404 | Orc:2    | Found Dolar's Book Shop.
 28413 | Orc:2    | Found Filezom's Assorted Antiques.
 28847 | Elf:1    | Entered Level 1 of the Elven Halls
 29380 | D:13     | Noticed a quicksilver ooze
 29393 | D:13     | Killed a quicksilver ooze
 30345 | D:14     | Reached XP level 15. HP: 139/146 MP: 14/14
 30669 | D:14     | Found a broken altar of Ashenzari.
 30808 | D:14     | Noticed Louise
 30813 | D:14     | Reached skill level 1 in Evocations
 30836 | D:14     | Killed Louise
 31099 | D:14     | Found a sparkling altar of Nemelex Xobeh.
 31182 | D:14     | Received a gift from Trog
 31359 | D:15     | Entered Level 15 of the Dungeon
 33409 | D:15     | Found a transporter.
 33468 | D:15     | Found a staircase to the Depths.
 34041 | D:15     | Found a gateway to a bazaar.
 34056 | Bazaar   | Entered a bazaar
 34059 | Bazaar   | Found Raxoc's Book Shop.
 34067 | Bazaar   | Found Aneomi's Magic Scroll Boutique.
 34071 | Bazaar   | Found Lialiw's Assorted Antiques.
 34081 | Bazaar   | Found Fesaf's Magic Scroll Shoppe.
 34090 | Bazaar   | Bought a scroll of teleportation for 21 gold pieces
 34090 | Bazaar   | Bought a scroll of enchant armour for 52 gold pieces
 34090 | Bazaar   | Bought a scroll of teleportation for 21 gold pieces
 34122 | Bazaar   | Bought a scroll of teleportation for 45 gold pieces
 34122 | Bazaar   | Bought a scroll of blinking for 112 gold pieces
 34122 | Bazaar   | Bought a scroll of teleportation for 45 gold pieces
 34131 | Bazaar   | Bought a scroll of teleportation for 75 gold pieces
 34431 | Depths:1 | Entered Level 1 of the Depths
 34470 | Depths:1 | Found a gateway to Hell.
 35183 | Spider:1 | Reached skill level 22 in Axes
 35408 | Spider:1 | Reached skill level 5 in Dodging
 35414 | Spider:1 | Received a gift from Trog
 36734 | Shoals:1 | Noticed Frances
 36809 | Shoals:1 | Killed Frances
 36859 | Shoals:1 | Reached skill level 1 in Ranged Weapons
 37976 | Depths:1 | Reached skill level 1 in Shields
 38179 | Depths:1 | Found Wyqig's Armour Shoppe.
 38213 | Depths:1 | Noticed a fire giant
 38216 | Depths:1 | Found Hygaih's Jewellery Boutique.
 38219 | Depths:1 | Killed a fire giant
 38443 | Depths:1 | Reached XP level 16. HP: 155/157 MP: 15/15
 38479 | Depths:1 | Reached skill level 5 in Evocations
 39327 | Depths:1 | Found a stormy altar of Qazlal.
 39341 | Depths:1 | Found a one-way gateway to a ziggurat.
 39415 | Depths:1 | Found an iron altar of Okawaru.
 39864 | Orc:1    | Killed Veudig's ghost
 42165 | Spider:2 | Reached skill level 5 in Shields
 42165 | Spider:2 | Noticed Aizul
 42781 | Spider:2 | Killed Aizul
 43144 | Spider:2 | Reached skill level 5 in Ranged Weapons
 43976 | Spider:3 | Noticed Nikola
 43982 | Spider:3 | HP: 3/157 [Nikola/arc of chain lightning (56)]
 44594 | Depths:1 | Bought the ring of Losuat {rElec rPois Int+6} for 1084 gold
                  | pieces
 44942 | Spider:3 | Killed Nikola
 45728 | Spider:4 | Entered Level 4 of the Spider Nest
 46940 | Spider:4 | Reached XP level 17. HP: 125/163 MP: 6/16
 47597 | Spider:4 | Slain by a spark wasp

Illustrated notes

Levels and vault maps discovered:
D:1:      amcnicky_arrival_gap_in_the_tavern_cellar, layout_loops_ring,
          basic_ecumenical_altar
D:2:      layout_rooms
D:3:      layout_basic, minmay_fractal_squares_gapless_5
D:4:      layout_rooms, kennysheep_mini_moat, lemuel_temple_firewalk_b,
          serial_corexii_hall, corexii_hall_statues_t, corexii_hall_statues_x,
          chequers_big_river, kennysheep_generic_room_9, uniq_pikel,
          uniq_eustachio, uniq_grinder
D:5:      layout_cave_pools, grunt_temple_overflow_open,
          nicolae_hepliaklqana_monster_ancestors,
          nicolae_ossuary_entry_catacombs, lightli_corner_chamber, uniq_ijyb,
          uniq_duvessa, uniq_edmund
D:6:      layout_basic, gammafunk_temple_overflow_forgotten
D:7:      layout_gridville, uniq_joseph
D:8:      layout_basic, nicolae_vehumet_radiance, erik_lair_island,
          dk_noncrumbling_2
D:9:      wad_arrow_thing, layout_cave_pools, trog_antimagical, serial_park,
          serial_park_tiny_2, serial_park_tiny_2, serial_park_tiny_2,
          minivault_15, nicolae_concentric_dashed_squares_wild, minmay_circle_x,
          uniq_psyche
D:10:     layout_basic, david_orc_2
D:11:     layout_loops_ring
D:12:     layout_rooms, serial_shops, nicolae_shop_crystal
D:13:     minmay_statue_hallways, layout_irregular_city, david_vaults_1,
          minmay_strange_pillars
D:14:     minmay_evil_eye, layout_irregular_city, ashenzari_conservatory_becter,
          nemelex_diamond_rough_becter, uniq_louise
D:15:     gammafunk_depths_entry_grave, layout_long_grid, serial_shops,
          bzr_entry_customers, nicolae_diode_basic
Temple:   cyrus_circular_temple
Lair:1:   layout_regular_city, guppyfry_lair_drakes, serial_bayou_shore_b,
          grunt_megastairs_5, uniq_grum, uniq_harold
Lair:2:   layout_cellular_growth, minmay_shoals_entry_centaurs,
          nicolae_spider_entry_tight_spaces, basic_altar, grunt_megastairs_3
Lair:3:   layout_chaotic_city, grunt_megastairs_4, uniq_kirke
Lair:4:   dragon1_lemuel, layout_cellular_growth
Lair:5:   grunt_lair_end_beastmaster, layout_hall_layers, slime_entry_1
Shoals:1: layout_shoals, uniq_frances
Spider:1: layout_spider_delve
Spider:2: layout_spider_delve, hangedman_spider_tarantella_strand, uniq_aizul
Spider:3: layout_spider_delve, nicolae_spider_nook, uniq_nikola
Spider:4: guppyfry_spider_rune
Slime:1:  layout_caves
Orc:1:    layout_diamond_mine, ebering_ghost_xom, basic_altar, uniq_fannar
Orc:2:    st_orc_mages, layout_diamond_mine, basic_altar, uniq_jorgrun
Elf:1:    layout_rooms, hangedman_corner_corridor, minmay_misc_feat_five,
          minmay_shop_grove
Depths:1: layout_small_grid, enter_ziggurat_b, serial_shops, nicolae_shop_trees,
          nicolae_shop_hallway_plus, nicolae_qazlal_scattered_showers,
          hell_entry, fountainhead, kennysheep_cross_room,
          okawaru_altar_gauntlet_db

Skill      XL: |  1  2  3  4  5  6  7  8  9 10 11 12 13 14 15 16 17 |
---------------+----------------------------------------------------+-----
Axes           | 4 5 6 8 10 12 14 16 18 20 21 22 | 22.6
Fighting       | 4 5 6 8 9 10 12 13 15 16 17 | 17.8
Armour         | 3 4 5 6 7 9 10 12 13 14 16 17 | 17.6
Evocations     | 4 7 |  7.2
Dodging        | 5 7 |  7.4
Ranged Weapons | 3 7 |  7.6
Shields        | 1 7 8 |  8.2

Action                   |  1- 3 |  4- 6 |  7- 9 | 10-12 | 13-15 | 16-18 || total
-------------------------+-------+-------+-------+-------+-------+-------++-------
Melee: Hand axe          |    64 |    19 |       |       |       |       ||    83
       Punch             |     2 |     1 |     3 |       |       |       ||     6
       Headbutt          |     4 |    13 |    38 |   139 |   431 |   144 ||   769
       War axe           |       |    50 |   231 |    17 |       |       ||   298
       Unarmed           |       |       |     9 |       |       |       ||     9
       Whip              |       |       |       |   462 |  1310 |   547 ||  2319
       Executioner's axe |       |       |       |       |    16 |    43 ||    59
 Fire: Sling             |       |       |       |       |     3 |    30 ||    33
Throw: Throwing net      |       |       |       |       |       |     1 ||     1
Invok: Berserk           |       |     3 |     6 |     2 |     3 |     4 ||    18
       Trog's Hand       |       |     1 |       |     1 |     5 |     4 ||    11
       Brothers in Arms  |       |       |       |       |     3 |     7 ||    10
Evoke: Wand              |       |       |       |       |       |     4 ||     4
       Phantom mirror    |       |       |       |       |       |     1 ||     1
       Tin of tremorston |       |       |       |       |       |     1 ||     1
  Use: Scroll            |     2 |       |    10 |     4 |    18 |    10 ||    44
       Potion            |       |       |       |     1 |     2 |     9 ||    12
 Stab: Sleeping          |     2 |       |       |       |       |       ||     2
       Petrified         |       |       |       |       |     2 |       ||     2
       Distracted        |       |       |       |       |     1 |     3 ||     4
Armor: Animal skin       |    21 |     2 |       |       |       |       ||    23
       Ring mail         |       |    31 |   120 |   131 |   410 |       ||   692
       Skin              |       |       |     2 |       |       |       ||     2
       Fire dragon scale |       |       |       |       |    71 |   374 ||   445
Dodge: Dodged            |    36 |    51 |   115 |   160 |   427 |   183 ||   972
Block: Other             |       |       |    33 |    26 |     3 |     7 ||    69
       Reflection        |       |       |     4 |     2 |    17 |     1 ||    24
       Orb               |       |       |       |    34 |   199 |       ||   233
       Tower shield      |       |       |       |       |    22 |   510 ||   532
